 Dungeon Sprint DCSS version 0.23-a0-305-g7ffd15e (webtiles) character file.

30 emperorscorpion the Magician (level 3, 0/28 HPs)
             Began as a Vine Stalker Warper on Oct 9, 2018.
             Succumbed to a worker ant's poison
             ... in the Dungeon (Sprint IX: "|||||||||||||||||||||||||||||").
             The game lasted 00:00:28 (33 turns).

emperorscorpion the Magician (Vine Stalker Warper)    Turns: 33, Time: 00:00:28

Health: 0/28       AC:  3    Str: 18    XL:     3   Next: 20%
Magic:  6/9        EV: 12    Int: 13    God:
Gold:   0          SH:  0    Dex: 14    Spells: 9/9 levels left

rFire    . . .     SeeInvis .   a - +0 short sword
rCold    . . .     Gourm    .   (no shield)
rNeg     . . .     Faith    .   b - +0 leather armour
rPois    .         Spirit   +   (no helmet)
rElec    .         Reflect  .   (no cloak)
rCorr    .         Harm     .   (no gloves)
MR       .....     NoTele   +   (no boots)
Stlth    ..........             (no amulet)
HPRegen  0.09/turn              (no ring)
MPRegen  0.11/turn              (no ring)

@: berserking (expiring), lethally poisoned (0 -> -7), very quick
A: fangs 2, magic shield, antimagic bite, no potion heal 3, rot immunity
a: no special abilities


You were in the Dungeon.
You were not hungry.

You visited 1 branch

Inventory:

Hand Weapons
 a - a +0 short sword (weapon)
Missiles
 e - 5 tomahawks of dispersal (quivered)
Armour
 b - a +0 leather armour (worn)
Scrolls
 d - 2 scrolls of blinking
Potions
 g - a potion of curing
 h - a potion of heal wounds
 i - a potion of haste
 j - 2 potions of magic
Comestibles
 f - a ration


   Skills:
 + Level 2.8 Fighting
 + Level 3.5 Short Blades
 + Level 1.1 Throwing
 + Level 1.1 Armour
 + Level 2.4 Dodging
 + Level 3.9 Spellcasting
   Level 3.0 Translocations


You had 9 spell levels left.
You didn't know any spells.
Your spell library contained the following spells:

 Spells                   Type           Power        Failure   Level  Hunger
 Blink                    Tloc           N/A          11%         2    ##.....
 Shroud of Golubria       Chrm/Tloc      #.........   21%         2    ##.....
 Gell's Gravitas          Tloc           ##........   22%         3    ###....
 Lesser Beckoning         Tloc           ##........   22%         3    ###....
 Teleport Other           Tloc           ##......     22%         3    ###....
 Passage of Golubria      Tloc           N/A          56%         4    ####...


Dungeon Overview and Level Annotations

Branches:
Dungeon (1/1)

Altars:


Innate Abilities, Weirdness & Mutations

You have extremely sharp teeth.
When hurt, damage is shared between your health and your magic reserves.
Your bite disrupts and absorbs the magic of your enemies.
Potions cannot restore your health.
You are immune to rotting.


Message History

* * * LOW HITPOINT WARNING * * *
You hit the scorpion. You bite the scorpion. You drain its power.
You feel invigorated.
The scorpion is severely wounded.
The phantom hits you.
* * * LOW HITPOINT WARNING * * *
The scorpion completely misses you.
You barely miss the scorpion. You bite the scorpion. You drain its power.
You feel invigorated.
The scorpion is almost dead.
* * * LOW HITPOINT WARNING * * *
You feel sick.
You closely miss the scorpion. Your bite misses the scorpion.
The scorpion is almost dead.
The scorpion completely misses you. The phantom barely misses you.
You completely miss the scorpion. Your bite misses the scorpion.
The scorpion is almost dead.
You closely miss the scorpion.
The scorpion is almost dead.
You die...

▓+▓
▓.▓
▓.▓
▓.▓
▓.▓
▓5▓
▓s▓
▓@▓
▓W▓
▓.▓
▓.▓
▓)▓
▓'▓
▓.▓
▓.▓
▓.▓


You could see a phantom, a scorpion and a shadow imp.

Vanquished Creatures
  A worker ant (D)
  2 bats (D)
  2 hobgoblins (D)
  A quokka (D)
  A rat (D)
7 creatures vanquished.

Notes
Turn   | Place    | Note
-------+----------+-------------------------------------------
     0 | D        | emperorscorpion the Vine Stalker Warper began the quest for
                  | the Orb.
     0 | D        | Reached XP level 1. HP: 11/11 MP: 4/4
    13 | D        | Reached skill level 1 in Throwing
    22 | D        | Noticed a phantom
    22 | D        | Noticed a scorpion
    22 | D        | Noticed a worker ant
    24 | D        | Reached XP level 2. HP: 14/15 MP: 7/7
    27 | D        | Reached skill level 1 in Armour
    27 | D        | Reached XP level 3. HP: 8/19 MP: 3/9
    29 | D        | HP: 1/28 [phantom (1)]
    33 | D        | Succumbed to a worker ant's poison

Vault maps used:
D:        linesprint

Skill      XL: |  1  2 |
---------------+-------+-----
Short Blades   | 2 3 |  3.5
Fighting       | 2 |  2.8
Throwing       | 1 |  1.1
Spellcasting   | 3 |  3.9
Dodging        | 2 |  2.4
Armour         | 1 |  1.1
Translocations | |  3.0

Action                   || total
-------------------------++-------
Melee: Short sword       ||    22
       Bite              ||     4
  Use: Potion            ||     1
Armor: Leather armour    ||     4
Dodge: Dodged            ||    11

Table legend:
 A = Non-vault XP
 B = Vault XP
 C = Vault XP percentage of total XP
 D = Non-vault monster count
 E = Vault monster count
 F = Vault count percentage of total count
                 A         B        C        D         E       F
            +---------+---------+-------+---------+---------+-------
      Total |       0 |      44 | 100.0 |       0 |       7 | 100.0
            +---------+---------+-------+---------+---------+-------
          D |       0 |      44 | 100.0 |       0 |       7 | 100.0
            +---------+---------+-------+---------+---------+-------
